 Dungeon Crawl Stone Soup version 0.31-a0-716-gc7603755dd (webtiles) character file.

Game seed: 590398960183233148

31 Essalna the Conjurer (level 3, -5/24 HPs)
             Began as a Demonspawn Conjurer on Sept 10, 2023.
             Slain by a worm (8 damage)
             ... on level 2 of the Dungeon.
             The game lasted 00:01:25 (1239 turns).

Essalna the Conjurer (Demonspawn Conjurer)          Turns: 1239, Time: 00:01:26

Health: -5/24      AC:  4    Str:  7    XL:     3   Next: 7%
Magic:  2/7        EV: 12    Int: 21    God:
Gold:   10         SH:  0    Dex: 11    Spells: 6/7 levels left

rFire   . . .        c - +0 hand axe
rCold   . . .        (no shield)
rNeg    . . .        a - +0 robe
rPois   .            (no helmet)
rElec   .            (no cloak)
rCorr   .            (no gloves)
SInv    .            (no boots)
Will    .....        (no amulet)
Stlth   ++           (no ring)
HPRegen 0.24/turn    (no ring)
MPRegen 0.10/turn

%: no passive effects
@: no status effects
A: icy blue scales 1, demonic guardian 1
a: no special abilities


You were on level 2 of the Dungeon.
You visited 1 branch of the dungeon, and saw 2 of its levels.

You collected 10 gold pieces.

Inventory:

Hand Weapons
 c - a +0 hand axe (weapon)
Armour
 a - a +0 robe (worn)
Scrolls
 e - a scroll of identify {unknown}
 f - a scroll of teleportation {unknown}
 g - a scroll of vulnerability {unknown}
Potions
 b - a potion of magic
 d - 2 potions of brilliance {unknown}
 h - a potion of curing {unknown}


   Skills:
 - Level 1.7 Dodging
 - Level 1.7 Stealth
 + Level 2.7 Spellcasting
 + Level 4.5 Conjurations


You had 6 spell levels left.
You knew the following spells:

 Your Spells              Type           Power      Damage    Failure   Level
a - Magic Dart            Conj           84%        1d7       2%          1

Your spell library contained the following spells:

 Spells                   Type           Power      Damage    Failure   Level
 Searing Ray              Conj           42%        2d6       3%          2
 Dazzling Flash           Conj/Hex       24%        N/A       16%         3
 Fulminant Prism          Conj/Hex       6%         3d7       47%         4
 Iskenderun's Mystic Bla  Conj/Tloc      12%        2d5       47%         4


Dungeon Overview and Level Annotations

Branches:
Dungeon (2/15)

Altars:


Innate Abilities, Weirdness & Mutations

You are partially covered in icy blue scales. (AC +2)
A weak demonic guardian rushes to your aid.


Message History

The goblin hits you but does no damage.
The magic dart hits the goblin.
The goblin is severely wounded.
The goblin closely misses you.
The magic dart hits the goblin.
You kill the goblin!
You can't see any susceptible monsters within range! (Use Z to cast anyway.)
You can't see any susceptible monsters within range! (Use Z to cast anyway.)
A goblin comes into view. It is wielding a +0 mace.
The magic dart hits the goblin.
The goblin is almost dead.
The goblin shouts!
A worm comes into view.
The magic dart hits the goblin.
You kill the goblin!
The magic dart hits the worm.
The worm is moderately wounded.
The magic dart hits the worm.
The worm is heavily wounded.
You are out of magic!
You are out of magic!
You are out of magic!
You are out of magic!
You are out of magic!
You hit the worm.
The worm is heavily wounded.
The worm barely misses you.
You hit the worm but do no damage.
The worm is heavily wounded.
The worm bites you but does no damage.
There are no items here.
The worm barely misses you. The worm bites you!
A demonic guardian appears!
The worm bites you. The worm bites you!
* * * LOW HITPOINT WARNING * * *
The worm closely misses you. The worm completely misses you.
The worm bites you!
You die...

.... #...... ....##
....... ......
##....... ..#.#
..?......# ...>
..........# #..###...#
.)....#
##.....####w.....#
#.).## #5@......#
#.#..####.##.....# ..
##...##.####.### ##
###......##.#
####.##..#.#
####....#.....# ####
#....##....#.#######
..#
#.####...###.##....#
##.#
###.####...##........#


You could see a worm (ally target) and a friendly shadow imp (summoned).

Vanquished Creatures
  A dart slug (D:2)
  3 bats
  2 endoplasms (D:1)
  4 goblins
  3 hobgoblins
  4 jackals (D:1)
  2 frilled lizards
  4 kobolds
  3 rats
26 creatures vanquished.

Notes
Turn   | Place    | Note
-------+----------+-------------------------------------------
     0 | D:1      | Essalna the Demonspawn Conjurer began the quest for the
                  | Orb.
     0 | D:1      | Reached XP level 1. HP: 13/13 MP: 3/3
   326 | D:1      | Gained mutation: You are partially covered in icy blue
                  | scales. (AC +2) [demonic ancestry]
   326 | D:1      | Reached XP level 2. HP: 19/19 MP: 3/5
  1149 | D:2      | Gained mutation: A weak demonic guardian rushes to your
                  | aid. [demonic ancestry]
  1149 | D:2      | Reached XP level 3. HP: 24/24 MP: 4/7
  1239 | D:2      | Slain by a worm

Illustrated notes

Levels and vault maps discovered:
D:1:      dpeg_arrival_rooms_a, layout_basic, minmay_tree_intersection,
          kennysheep_decorative_pillar
D:2:      layout_rooms, minmay_misc_feat_four_crosses

Action                     || total
---------------------------++-------
  Melee: Hand axe          ||    24
   Cast: Magic Dart        ||    49
 Armour: Robe              ||    19
  Dodge: Dodged            ||    49

Table legend: (Time is in decaauts)
 A = Elapsed time spent in this place.
 B = Non-inter-level travel time spent in this place.
 C = Inter-level travel time spent in this place.
 D = Time resting spent in this place.
 E = Time spent auto-exploring this place.
 F = Levels seen in this place.
 G = Mean time per level.
                   A        B        C        D        E       F      G
               +--------+--------+--------+--------+--------+-----+--------+
         Total |   1245 |   1229 |     16 |     20 |   1064 |   2 |  622.5 |
       Dungeon |   1245 |   1229 |     16 |     20 |   1064 |   2 |  622.5 |
               +--------+--------+--------+--------+--------+-----+--------+

Top non-repeatable levels by time:
     D:1: 945 daAuts
     D:2: 300 daAuts
